General information
- name: BNet
- type: Ladder team game (AT/RT)
- host: Battle.net
- saver: Gobiner
map: SunrockCove
- players: 6
- length: 59:01
- speed: Fast
- version: 1.23 W3XP
- replay type: Public
» download(390 KB)
Players
team 1 (winner)
Ghandi23 (
red | 55 APM | 3263 actions | 58:59)
6 Blademaster
2 Wind Walk
3 Critical Strike
1 Bladestorm
6 Pit Lord
3 Rain of Fire
2 Cleaving Attack
1 Doom
» actions
| Assign group hotkey | 20 | |
| Basic commands | 133 | |
| Build / train | 109 | |
| ESC pressed | 10 | |
| Enter build submenu | 78 | |
| Enter hero's abilities submenu | 12 | |
| Give item / drop item | 16 | |
| Right click | 1031 | |
| Select / deselect | 518 | |
| Select group hotkey | 1000 | |
| Use ability | 336 | |
3263 total
» units
| Peon | 15 | |
| Goblin Sapper | 1 | |
| Troll Batrider | 44 | |
| Goblin Shredder | 1 | |
| Goblin Zeppelin | 2 | |
63 total
» upgrades
| Ranged Weapons | 3 | |
| Liquid Fire | 1 | |
| Reinforced Defenses | 1 | |
| Spiked Barricades | 1 | |
6 total
» buildings
| Altar of Storms | 1 | |
| Orc Burrow | 4 | |
| War Mill | 4 | |
| Voodoo Lounge | 2 | |
| Watch Tower | 65 | |
| Stronghold | 1 | |
| Fortress | 1 | |
| Beastiary | 4 | |
| Great Hall | 3 | |
85 total
» build order
00:09 Altar of Storms
00:13 Orc Burrow
00:39 War Mill
01:21 Voodoo Lounge
01:49 Orc Burrow
02:01 Watch Tower
02:26 Watch Tower
02:56 Watch Tower
03:07 Watch Tower
03:44 Watch Tower
04:07 Watch Tower
04:45 Watch Tower
05:00 Watch Tower
05:51 Stronghold
05:57 Watch Tower
06:09 Watch Tower
06:27 Orc Burrow
06:43 Watch Tower
06:47 Watch Tower
07:15 Watch Tower
07:43 Watch Tower
08:16 Fortress
08:21 Beastiary
08:25 Beastiary
08:38 Watch Tower
09:43 Watch Tower
10:58 Voodoo Lounge
11:01 Watch Tower
11:23 Orc Burrow
13:08 Watch Tower
13:09 Watch Tower
15:44 Watch Tower
15:45 Watch Tower
15:47 Watch Tower
15:48 Watch Tower
15:50 Watch Tower
17:05 Watch Tower
17:08 Watch Tower
17:10 Watch Tower
17:13 Watch Tower
17:17 Watch Tower
18:13 Great Hall
18:18 Watch Tower
18:22 Watch Tower
18:24 Watch Tower
18:24 Watch Tower
18:26 Watch Tower
18:28 Watch Tower
18:30 Watch Tower
18:51 Watch Tower
19:55 Watch Tower
20:35 Great Hall
20:38 Watch Tower
20:41 Watch Tower
21:44 Watch Tower
21:45 Watch Tower
21:46 Watch Tower
22:12 Watch Tower
26:47 War Mill
30:54 Beastiary
30:57 Beastiary
33:08 Watch Tower
33:10 Watch Tower
33:11 Watch Tower
33:13 Watch Tower
33:13 Watch Tower
33:14 Watch Tower
33:17 Watch Tower
33:19 Watch Tower
33:21 Watch Tower
37:40 Watch Tower
37:44 Watch Tower
52:47 War Mill
52:50 War Mill
52:55 Great Hall
53:04 Watch Tower
53:07 Watch Tower
53:10 Watch Tower
53:14 Watch Tower
53:17 Watch Tower
55:46 Watch Tower
55:48 Watch Tower
55:51 Watch Tower
55:53 Watch Tower
55:57 Watch Tower
» items
| Circlet of Nobility | 3 | |
| Healing Salve | 7 | |
| Lesser Clarity Potion | 5 | |
| Staff of Teleportation | 2 | |
| Boots of Speed | 2 | |
| Orb of Lightning | 2 | |
| Scroll of Town Portal | 1 | |
| Potion of Healing | 1 | |
| Staff of Sanctuary | 1 | |
24 total
Gobiner (
orange | 48 APM | 2846 actions | 59:01)
5 Archmage
3 Blizzard
2 Brilliance Aura
6 Blood Mage
3 Flame Strike
1 Siphon Mana
1 Banish
1 Summon Phoenix
» actions
| Assign group hotkey | 14 | |
| Basic commands | 68 | |
| Build / train | 223 | |
| ESC pressed | 3 | |
| Enter build submenu | 96 | |
| Enter hero's abilities submenu | 11 | |
| Give item / drop item | 12 | |
| Remove unit from queue | 1 | |
| Right click | 841 | |
| Select / deselect | 717 | |
| Select group hotkey | 468 | |
| Use ability | 391 | |
2846 total
» units
| Peasant | 19 | |
| Priest | 4 | |
| Sorceress | 2 | |
| Goblin Zeppelin | 4 | |
| Dragonhawk Rider | 6 | |
35 total
» upgrades
| Masonry | 3 | |
| Lumber Harvesting | 2 | |
| Magic Sentry | 1 | |
| Priest Training | 2 | |
| Sorceress Training | 2 | |
| Control Magic | 1 | |
| Backpack | 1 | |
| Cloud | 1 | |
| Armor | 3 | |
| Animal War Training | 1 | |
| Swords | 5 | |
| Storm Hammers | 1 | |
23 total
» buildings
| Altar of Kings | 1 | |
| Lumber Mill | 1 | |
| Farm | 6 | |
| Scout Tower | 176 | |
| Arcane Tower | 10 | |
| Guard Tower | 120 | |
| Town Hall | 2 | |
| Keep | 3 | |
| Arcane Sanctum | 1 | |
| Arcane Vault | 1 | |
| Castle | 1 | |
| Gryphon Aviary | 3 | |
| Barracks | 1 | |
| Blacksmith | 1 | |
327 total
» build order
00:07 Altar of Kings
00:10 Lumber Mill
00:22 Farm
00:49 Scout Tower
01:13 Scout Tower
01:24 Farm
01:28 Arcane Tower
01:38 Scout Tower
01:53 Guard Tower
01:53 Guard Tower
02:20 Guard Tower
02:24 Scout Tower
02:25 Scout Tower
03:14 Guard Tower
03:16 Guard Tower
03:28 Scout Tower
03:30 Scout Tower
03:38 Town Hall
03:58 Guard Tower
04:02 Guard Tower
04:02 Guard Tower
04:02 Guard Tower
04:16 Scout Tower
04:17 Scout Tower
04:18 Scout Tower
04:30 Scout Tower
04:48 Guard Tower
05:09 Guard Tower
05:26 Guard Tower
06:01 Keep
06:01 Keep
06:04 Guard Tower
06:04 Guard Tower
06:04 Guard Tower
06:32 Scout Tower
06:33 Scout Tower
06:33 Scout Tower
06:34 Scout Tower
06:35 Scout Tower
06:42 Farm
06:43 Farm
06:47 Farm
06:48 Farm
07:05 Scout Tower
07:06 Scout Tower
07:07 Scout Tower
07:07 Scout Tower
07:08 Scout Tower
07:09 Scout Tower
07:25 Guard Tower
07:27 Guard Tower
07:31 Guard Tower
07:31 Guard Tower
08:08 Guard Tower
08:13 Scout Tower
08:21 Guard Tower
08:23 Guard Tower
08:40 Arcane Tower
08:40 Arcane Tower
08:41 Arcane Tower
08:52 Guard Tower
09:00 Arcane Sanctum
09:12 Scout Tower
09:13 Scout Tower
09:14 Scout Tower
09:27 Scout Tower
09:27 Scout Tower
10:03 Guard Tower
10:04 Guard Tower
10:06 Guard Tower
10:12 Arcane Vault
10:24 Guard Tower
10:34 Guard Tower
10:36 Scout Tower
10:37 Scout Tower
10:53 Scout Tower
10:54 Scout Tower
10:55 Scout Tower
10:56 Scout Tower
11:06 Castle
12:07 Arcane Tower
12:18 Scout Tower
12:20 Scout Tower
12:23 Guard Tower
12:28 Scout Tower
12:29 Scout Tower
12:30 Scout Tower
12:31 Scout Tower
12:32 Scout Tower
12:33 Scout Tower
12:34 Scout Tower
12:35 Scout Tower
13:14 Guard Tower
13:24 Guard Tower
13:29 Guard Tower
13:54 Scout Tower
13:55 Scout Tower
14:30 Guard Tower
14:32 Guard Tower
15:02 Guard Tower
15:07 Scout Tower
15:08 Scout Tower
15:08 Scout Tower
15:14 Scout Tower
15:15 Scout Tower
15:18 Scout Tower
15:51 Guard Tower
15:55 Arcane Tower
16:22 Guard Tower
16:24 Guard Tower
16:35 Guard Tower
16:37 Scout Tower
16:38 Scout Tower
16:38 Scout Tower
16:42 Arcane Tower
16:48 Scout Tower
16:49 Scout Tower
16:50 Scout Tower
16:51 Scout Tower
17:44 Guard Tower
17:44 Guard Tower
17:45 Guard Tower
17:56 Guard Tower
17:58 Scout Tower
17:58 Scout Tower
18:42 Guard Tower
18:44 Guard Tower
18:45 Scout Tower
18:46 Scout Tower
18:57 Guard Tower
19:13 Guard Tower
19:40 Guard Tower
19:42 Scout Tower
19:43 Scout Tower
19:44 Scout Tower
19:45 Scout Tower
19:45 Scout Tower
19:46 Scout Tower
20:48 Scout Tower
20:49 Scout Tower
20:50 Scout Tower
20:51 Scout Tower
20:52 Scout Tower
21:39 Guard Tower
21:48 Guard Tower
22:05 Guard Tower
22:24 Guard Tower
22:27 Scout Tower
22:28 Scout Tower
22:31 Scout Tower
22:32 Scout Tower
22:32 Scout Tower
22:59 Guard Tower
23:14 Gryphon Aviary
23:18 Barracks
23:25 Scout Tower
23:58 Guard Tower
24:00 Scout Tower
24:03 Scout Tower
24:04 Scout Tower
24:05 Scout Tower
24:06 Scout Tower
24:06 Scout Tower
24:07 Scout Tower
24:12 Guard Tower
24:15 Scout Tower
24:37 Blacksmith
24:46 Guard Tower
24:48 Scout Tower
24:51 Scout Tower
25:35 Guard Tower
25:36 Guard Tower
25:43 Guard Tower
25:46 Scout Tower
26:21 Guard Tower
26:30 Guard Tower
26:37 Scout Tower
26:39 Scout Tower
27:37 Guard Tower
27:40 Scout Tower
27:41 Guard Tower
28:05 Scout Tower
28:06 Guard Tower
28:09 Scout Tower
28:44 Guard Tower
28:48 Scout Tower
28:49 Scout Tower
29:50 Guard Tower
29:55 Town Hall
29:58 Scout Tower
29:59 Scout Tower
30:01 Scout Tower
30:03 Scout Tower
30:05 Scout Tower
30:07 Scout Tower
30:08 Scout Tower
30:09 Scout Tower
30:32 Gryphon Aviary
30:33 Gryphon Aviary
30:47 Guard Tower
30:50 Guard Tower
31:57 Guard Tower
32:52 Guard Tower
33:49 Guard Tower
33:51 Guard Tower
33:54 Scout Tower
34:27 Guard Tower
35:29 Scout Tower
35:30 Scout Tower
35:32 Scout Tower
35:36 Scout Tower
35:37 Scout Tower
35:37 Scout Tower
35:40 Scout Tower
35:41 Scout Tower
35:42 Scout Tower
35:58 Guard Tower
36:22 Scout Tower
36:32 Scout Tower
36:32 Scout Tower
36:33 Scout Tower
36:35 Scout Tower
36:36 Scout Tower
36:37 Scout Tower
36:39 Scout Tower
36:40 Scout Tower
36:42 Scout Tower
36:55 Guard Tower
36:57 Guard Tower
36:59 Scout Tower
37:14 Guard Tower
37:29 Guard Tower
37:36 Scout Tower
37:37 Scout Tower
37:37 Scout Tower
37:38 Scout Tower
37:41 Guard Tower
38:11 Guard Tower
38:13 Guard Tower
38:44 Guard Tower
38:46 Guard Tower
39:15 Guard Tower
39:17 Guard Tower
39:25 Guard Tower
39:32 Scout Tower
39:32 Scout Tower
39:34 Guard Tower
39:43 Scout Tower
40:06 Guard Tower
40:15 Arcane Tower
40:18 Scout Tower
40:20 Scout Tower
40:21 Scout Tower
40:24 Scout Tower
40:26 Scout Tower
40:30 Guard Tower
40:41 Scout Tower
40:42 Scout Tower
40:43 Scout Tower
40:46 Guard Tower
40:55 Guard Tower
41:37 Guard Tower
41:40 Guard Tower
41:40 Guard Tower
41:44 Guard Tower
42:14 Guard Tower
42:37 Guard Tower
42:49 Guard Tower
42:53 Scout Tower
44:27 Scout Tower
44:27 Scout Tower
44:53 Guard Tower
44:58 Scout Tower
44:59 Scout Tower
45:01 Scout Tower
45:02 Scout Tower
45:15 Scout Tower
45:17 Scout Tower
45:23 Guard Tower
45:27 Scout Tower
45:28 Scout Tower
45:31 Scout Tower
45:32 Scout Tower
45:35 Scout Tower
45:37 Guard Tower
45:56 Guard Tower
45:59 Scout Tower
46:04 Scout Tower
46:05 Scout Tower
46:13 Guard Tower
46:18 Guard Tower
46:18 Guard Tower
46:52 Guard Tower
46:55 Scout Tower
46:56 Scout Tower
47:30 Guard Tower
47:35 Scout Tower
48:02 Guard Tower
48:13 Guard Tower
48:18 Guard Tower
48:21 Scout Tower
48:21 Scout Tower
48:22 Scout Tower
48:24 Scout Tower
48:25 Scout Tower
48:26 Scout Tower
48:27 Scout Tower
48:27 Scout Tower
48:30 Scout Tower
50:18 Guard Tower
50:25 Scout Tower
51:46 Guard Tower
52:14 Arcane Tower
52:31 Scout Tower
52:32 Scout Tower
53:59 Guard Tower
54:02 Scout Tower
54:03 Scout Tower
54:30 Guard Tower
54:59 Guard Tower
» items
| Lesser Clarity Potion | 1 | |
| Healing Salve | 3 | |
| Boots of Speed | 2 | |
| Staff of Teleportation | 2 | |
| Orb of Lightning | 2 | |
| Staff of Sanctuary | 2 | |
| Periapt of Vitality | 2 | |
| Circlet of Nobility | 1 | |
15 total
shaduppum (
teal | 97 APM | 5728 actions | 58:59)
6 Blademaster
3 Wind Walk
2 Critical Strike
1 Bladestorm
5 Shadow Hunter
3 Healing Wave
2 Hex
» actions
| Assign group hotkey | 11 | |
| Basic commands | 30 | |
| Build / train | 96 | |
| ESC pressed | 37 | |
| Enter build submenu | 96 | |
| Enter hero's abilities submenu | 11 | |
| Give item / drop item | 21 | |
| Right click | 3925 | |
| Select / deselect | 821 | |
| Select group hotkey | 270 | |
| Use ability | 407 | |
5728 total
» units
| Peon | 19 | |
| Troll Batrider | 20 | |
| Goblin Zeppelin | 3 | |
| Goblin Shredder | 1 | |
43 total
» upgrades
| Ranged Weapons | 3 | |
| Reinforced Defenses | 1 | |
| Liquid Fire | 1 | |
5 total
» buildings
| Altar of Storms | 2 | |
| Orc Burrow | 12 | |
| War Mill | 1 | |
| Voodoo Lounge | 3 | |
| Watch Tower | 67 | |
| Stronghold | 3 | |
| Fortress | 3 | |
| Beastiary | 6 | |
| Great Hall | 1 | |
98 total
» build order
00:02 Altar of Storms
00:06 Orc Burrow
00:54 War Mill
01:04 Voodoo Lounge
01:55 Orc Burrow
02:08 Watch Tower
03:11 Watch Tower
03:17 Watch Tower
03:19 Watch Tower
03:39 Watch Tower
03:48 Watch Tower
03:55 Watch Tower
03:56 Watch Tower
04:53 Watch Tower
05:19 Watch Tower
05:28 Stronghold
05:28 Stronghold
05:36 Watch Tower
05:39 Watch Tower
05:39 Watch Tower
07:36 Watch Tower
07:57 Fortress
07:57 Fortress
08:02 Watch Tower
08:25 Watch Tower
08:34 Watch Tower
08:37 Watch Tower
10:23 Watch Tower
10:29 Watch Tower
10:34 Voodoo Lounge
11:38 Watch Tower
13:06 Watch Tower
14:08 Orc Burrow
14:19 Watch Tower
15:00 Watch Tower
15:21 Watch Tower
16:05 Beastiary
16:06 Beastiary
16:12 Orc Burrow
17:23 Watch Tower
19:00 Watch Tower
20:07 Watch Tower
20:39 Watch Tower
20:55 Watch Tower
20:57 Watch Tower
20:58 Watch Tower
20:59 Watch Tower
21:02 Watch Tower
21:03 Watch Tower
21:04 Watch Tower
21:04 Watch Tower
21:12 Watch Tower
22:58 Watch Tower
22:59 Watch Tower
23:39 Great Hall
23:43 Watch Tower
23:44 Watch Tower
23:45 Watch Tower
23:46 Watch Tower
24:55 Watch Tower
24:56 Watch Tower
24:59 Watch Tower
25:00 Watch Tower
25:16 Watch Tower
26:48 Watch Tower
26:49 Watch Tower
27:11 Watch Tower
27:13 Watch Tower
27:13 Watch Tower
27:27 Watch Tower
29:14 Watch Tower
29:15 Watch Tower
29:33 Beastiary
29:43 Watch Tower
30:27 Beastiary
31:11 Watch Tower
31:12 Watch Tower
31:13 Watch Tower
31:33 Beastiary
31:38 Watch Tower
31:39 Watch Tower
31:40 Watch Tower
32:30 Orc Burrow
34:17 Watch Tower
34:19 Watch Tower
35:01 Orc Burrow
35:57 Watch Tower
39:25 Altar of Storms
39:29 Orc Burrow
41:09 Stronghold
45:18 Beastiary
51:44 Orc Burrow
51:46 Orc Burrow
51:48 Orc Burrow
51:55 Orc Burrow
51:58 Orc Burrow
52:14 Voodoo Lounge
» items
| Lesser Clarity Potion | 8 | |
| Healing Salve | 3 | |
| Boots of Speed | 2 | |
| Staff of Teleportation | 4 | |
| Orb of Lightning | 6 | |
| Potion of Mana | 2 | |
| Staff of Sanctuary | 1 | |
26 total
team 2 (loser)
13ry4n (
yellow | 69 APM | 4063 actions | 58:58)
7 Death Knight
3 Death Coil
3 Unholy Aura
1 Animate Dead
» actions
| Assign group hotkey | 71 | |
| Basic commands | 139 | |
| Build / train | 100 | |
| Enter build submenu | 38 | |
| Enter hero's abilities submenu | 7 | |
| Give item / drop item | 2 | |
| Remove unit from queue | 2 | |
| Right click | 2658 | |
| Select / deselect | 568 | |
| Select group hotkey | 313 | |
| Use ability | 165 | |
4063 total
» units
| Acolyte | 16 | |
| Ghoul | 4 | |
| Crypt Fiend | 9 | |
| Obsidian Statue | 2 | |
| Frost Wyrm | 17 | |
| Goblin Zeppelin | 1 | |
| Meatwagon | 15 | |
64 total
» upgrades
| Web | 1 | |
| Creature Attack | 3 | |
| Creature Carapace | 3 | |
| Freezing Breath | 1 | |
| Exhume Corpses | 1 | |
9 total
» buildings
| Graveyard | 2 | |
| Crypt | 1 | |
| Ziggurat | 17 | |
| Altar of Darkness | 1 | |
| Nerubian Tower | 4 | |
| Halls of the Dead | 1 | |
| Tomb of Relics | 1 | |
| Slaughterhouse | 2 | |
| Spirit Tower | 10 | |
| Black Citadel | 1 | |
| Sacrificial Pit | 1 | |
| Boneyard | 2 | |
43 total
» build order
00:10 Graveyard
00:16 Crypt
00:41 Ziggurat
01:00 Altar of Darkness
01:30 Ziggurat
01:47 Nerubian Tower
03:10 Ziggurat
03:13 Ziggurat
03:50 Halls of the Dead
05:50 Ziggurat
08:08 Ziggurat
08:14 Tomb of Relics
08:19 Slaughterhouse
08:25 Slaughterhouse
09:27 Ziggurat
09:38 Spirit Tower
10:36 Black Citadel
10:49 Ziggurat
10:53 Ziggurat
10:56 Ziggurat
10:59 Ziggurat
11:06 Spirit Tower
11:46 Spirit Tower
11:49 Spirit Tower
12:13 Spirit Tower
13:18 Sacrificial Pit
13:23 Ziggurat
13:27 Ziggurat
15:43 Boneyard
15:45 Boneyard
15:57 Spirit Tower
16:14 Nerubian Tower
16:15 Spirit Tower
16:35 Ziggurat
17:31 Nerubian Tower
25:39 Graveyard
26:19 Ziggurat
27:49 Spirit Tower
27:51 Ziggurat
28:44 Spirit Tower
32:36 Spirit Tower
32:46 Ziggurat
34:00 Nerubian Tower
jordan_xD (
green | 73 APM | 4317 actions | 58:56)
8 Blademaster
3 Wind Walk
3 Critical Strike
1 Bladestorm
1 Mirror Image
» actions
| Assign group hotkey | 69 | |
| Basic commands | 26 | |
| Build / train | 128 | |
| ESC pressed | 10 | |
| Enter build submenu | 50 | |
| Enter hero's abilities submenu | 8 | |
| Give item / drop item | 7 | |
| Right click | 2080 | |
| Select / deselect | 679 | |
| Select group hotkey | 889 | |
| Use ability | 370 | |
4317 total
» units
| Peon | 23 | |
| Grunt | 9 | |
| Goblin Shredder | 1 | |
| Shaman | 3 | |
| Troll Batrider | 31 | |
| Tauren | 4 | |
| Spirit Walker | 5 | |
76 total
» upgrades
| Shaman Training | 2 | |
| Melee Weapons | 1 | |
| Liquid Fire | 1 | |
| Pillage | 1 | |
| Ranged Weapons | 1 | |
| Spirit Walker Training | 2 | |
| Pulverize | 1 | |
9 total
» buildings
| Altar of Storms | 2 | |
| Barracks | 2 | |
| Orc Burrow | 11 | |
| Voodoo Lounge | 2 | |
| Great Hall | 2 | |
| Stronghold | 3 | |
| Spirit Lodge | 2 | |
| War Mill | 3 | |
| Fortress | 1 | |
| Beastiary | 3 | |
| Watch Tower | 8 | |
| Tauren Totem | 2 | |
41 total
» build order
00:06 Altar of Storms
00:10 Barracks
00:24 Orc Burrow
01:46 Voodoo Lounge
01:48 Voodoo Lounge
02:01 Orc Burrow
03:50 Great Hall
04:06 Great Hall
04:29 Stronghold
04:29 Stronghold
05:27 Orc Burrow
06:29 Orc Burrow
06:50 Spirit Lodge
07:36 War Mill
08:12 Orc Burrow
10:34 Fortress
11:10 Beastiary
11:26 Beastiary
11:43 Beastiary
11:49 Orc Burrow
12:03 Watch Tower
12:21 Watch Tower
13:16 Tauren Totem
13:17 Tauren Totem
13:31 Orc Burrow
13:32 Orc Burrow
13:34 Watch Tower
14:02 Spirit Lodge
14:06 Watch Tower
14:43 War Mill
18:56 Orc Burrow
20:33 War Mill
20:37 Watch Tower
20:39 Watch Tower
20:44 Watch Tower
20:47 Watch Tower
21:10 Stronghold
23:27 Orc Burrow
23:30 Orc Burrow
23:37 Altar of Storms
27:34 Barracks
» items
| Lesser Clarity Potion | 8 | |
| Healing Salve | 5 | |
| Potion of Mana | 9 | |
| Potion of Healing | 6 | |
| Orb of Lightning | 1 | |
| Staff of Teleportation | 1 | |
30 total
Tarueater (
blue | 90 APM | 5319 actions | 58:47)
6 Warden
3 Shadow Strike
2 Fan of Knives
1 Spirit of Vengeance
» actions
| Assign group hotkey | 42 | |
| Basic commands | 62 | |
| Build / train | 119 | |
| ESC pressed | 15 | |
| Enter build submenu | 46 | |
| Enter hero's abilities submenu | 6 | |
| Give item / drop item | 1 | |
| Remove unit from queue | 5 | |
| Right click | 3120 | |
| Select / deselect | 733 | |
| Select group hotkey | 910 | |
| Use ability | 260 | |
5319 total
» units
| Wisp | 55 | |
| Huntress | 10 | |
| Hippogryph | 13 | |
| Chimaera | 12 | |
90 total
» upgrades
| Reinforced Hides | 3 | |
| Strength of the Wild | 3 | |
| Corrosive Breath | 1 | |
7 total
» buildings
| Altar of Elders | 1 | |
| Moon Well | 8 | |
| Hunter's Hall | 1 | |
| Ancient of War | 1 | |
| Ancient of Wonders | 2 | |
| Tree of Ages | 2 | |
| Ancient Protector | 18 | |
| Tree of Life | 1 | |
| Tree of Eternity | 1 | |
| Ancient of Wind | 1 | |
| Chimaera Roost | 3 | |
39 total
» build order
00:02 Altar of Elders
00:20 Moon Well
01:22 Hunter's Hall
01:49 Ancient of War
02:08 Moon Well
02:15 Ancient of Wonders
02:18 Ancient of Wonders
04:15 Tree of Ages
05:05 Ancient Protector
05:09 Ancient Protector
05:13 Ancient Protector
06:24 Ancient Protector
06:51 Tree of Ages
07:51 Moon Well
07:54 Moon Well
08:25 Moon Well
09:32 Tree of Life
10:20 Tree of Eternity
11:12 Ancient of Wind
11:51 Ancient Protector
13:29 Moon Well
13:33 Ancient Protector
13:46 Ancient Protector
13:49 Ancient Protector
13:59 Ancient Protector
14:17 Ancient Protector
14:40 Ancient Protector
15:02 Ancient Protector
15:07 Ancient Protector
15:24 Ancient Protector
15:57 Ancient Protector
17:05 Chimaera Roost
17:09 Chimaera Roost
17:13 Chimaera Roost
17:20 Ancient Protector
19:10 Ancient Protector
19:56 Moon Well
20:45 Ancient Protector
21:35 Moon Well
» items
| Dust of Appearance | 3 | |
| Orb of Venom | 1 | |
| Staff of Preservation | 1 | |
| Scroll of Town Portal | 1 | |
| Moonstone | 1 | |
7 total
Chat log
(53:25 / Allies) Ghandi23: afk for a min
(58:47 / All) Tarueater: wow. i hate losing to fucking stupid ass noobs who play dirty
(58:51 / All) Ghandi23: ahahaha
(58:54 / All) Gobiner: 2EZ NUBS
(58:56 / All) Ghandi23: i remember you guys